 Dungeon Crawl Stone Soup version 0.25-a0-589-g1e14c549ee (webtiles) character file.

Game seed: 18338291082352572570, levelgen mode: deterministic

1120 Kohma the Geomancer (level 8, -11/48 HPs)
             Began as a Gargoyle Earth Elementalist on Mar 12, 2020.
             Mangled by an orc warrior
             ... wielding a +0 scimitar
              (15 damage)
             ... on level 7 of the Dungeon.
             The game lasted 00:20:41 (6452 turns).

Kohma the Geomancer (Gargoyle Earth Elementalist)   Turns: 6452, Time: 00:20:42

Health: -11/48     AC: 10    Str: 12    XL:     8   Next: 34%
Magic:  6/15       EV: 11    Int: 18    God:
Gold:   338        SH:  0    Dex: 10    Spells: 4/16 levels left

rFire    . . .     SeeInvis .   a - +1 dagger (venom)
rCold    . . .     Gourm    .   (no shield)
rNeg     + . .     Faith    .   o - +0 leather armour {rPois}
rPois    ∞         Spirit   .   E - +0 helmet
rElec    +         Reflect  .   G - +0 cloak
rCorr    .         Harm     .   (no gloves)
MR       .....                  (no boots)
Stlth    ++........             (no amulet)
HPRegen  0.16/turn              (no ring)
MPRegen  0.14/turn              (no ring)

@: no status effects
A: negative energy resistance 1, electricity resistance, unbreathing,
petrification resistance, rot immunity, AC +5
a: no special abilities


You were on level 7 of the Dungeon.
You were hungry.

You visited 2 branches of the dungeon, and saw 8 of its levels.

You collected 338 gold pieces.

Inventory:

Hand Weapons
 a - a +1 dagger of venom (weapon)
 b - a +3 short sword of protection
 H - a +0 rapier
 O - a +2 antimagic dagger
Missiles
 e - 107 sling bullets
 h - 23 bolts
 m - 2 throwing nets
 p - 4 poisoned darts (quivered)
 D - 277 stones
 I - 62 arrows
Armour
 c - a +0 robe
 o - a +0 leather armour of poison resistance (worn)
 E - a +0 helmet (worn)
 G - a +0 cloak (worn)
Jewellery
 f - an uncursed ring of see invisible {unknown}
 l - an uncursed ring of protection from fire {unknown}
 s - a cursed -6 ring of strength {unknown}
 L - a +4 ring of evasion {unknown}
 M - an uncursed ring of protection from fire {unknown}
Scrolls
 i - a scroll of blinking {unknown}
 u - 3 scrolls of amnesia {unknown}
 v - a scroll of enchant weapon {unknown}
 x - 2 scrolls of random uselessness {unknown}
 y - a scroll of remove curse {unknown}
 A - a scroll of enchant armour {unknown}
 B - 5 scrolls of identify {unknown}
 C - 2 scrolls of fog {unknown}
 F - 3 scrolls of teleportation {unknown}
Potions
 g - 2 potions of degeneration {unknown}
 k - 2 potions of cancellation {unknown}
 n - 2 potions of curing {unknown}
 q - 4 potions of flight {unknown}
 t - 2 potions of lignification {unknown}
 w - a potion of mutation {unknown}
 z - a potion of heal wounds
 J - a potion of might {unknown}
Comestibles
 d - 8 rations
 N - 4 chunks of flesh


   Skills:
 + Level 4.0 Fighting
 - Level 1.5 Dodging
 - Level 2.1 Stealth
 + Level 4.6 Spellcasting
 - Level 2.0 Conjurations
 - Level 3.0 Translocations
 - Level 1.1 Transmutations
 - Level 8.0 Earth Magic


You had 4 spell levels left.
You knew the following spells:

 Your Spells              Type           Power        Failure   Level  Hunger
a - Sandblast             Erth           ####..       1%          1    None
b - Blink                 Tloc           N/A          8%          2    #......
c - Passwall              Tmut/Erth      ###.....     4%          2    #......
d - Stone Arrow           Conj/Erth      ###...       7%          3    ###....
e - Petrify               Tmut/Erth      ###.....     26%         4    ####...

Your spell library contained the following spells:

 Spells                   Type           Power        Failure   Level  Hunger
 Magic Dart               Conj           ##..         8%          1    None
 Call Imp                 Summ           #.......     26%         2    #......
 Slow                     Hex            #.......     26%         2    #......
 Conjure Flame            Conj/Fire      #.......     34%         3    ###....
 Mephitic Cloud           Conj/Pois/Air  #.......     36%         3    ###....
 Lee's Rapid Deconstruct  Erth           ####......   19%         5    ######.


Dungeon Overview and Level Annotations

Branches:
Dungeon (7/15)             Temple (1/1) D:7

Altars:
Cheibriados
Dithmenos
Elyvilon
Gozag
Hepliaklqana
Kikubaaqudgha
Makhleb
Nemelex Xobeh
Okawaru
Qazlal
Ru
Sif Muna
Trog
Uskayaw
Vehumet
Wu Jian
Xom
Yredelemnul
Zin
The Shining One

Shops:
D:4 :   D:5 *

Portals:
Abyss: D:6

Annotations:
D:6 2 transporters, exclusion: downstairs, a0bad's ghost, novice GrFi


Innate Abilities, Weirdness & Mutations

You are resistant to torment.
Your stone body is resilient. (AC +5)
You are immune to poison.
You resist negative energy. (rN+)
You are resistant to electric shocks. (rElec)
You can survive without breathing.
You are immune to petrification.
You are immune to rotting.


Message History

The orc warrior hits you with a +0 scimitar!
Casting: Stone Arrow (safe; 7% risk of failure)
Confirm with . or Enter, or press ? or * to list all spells.
Aiming: Stone Arrow (safe; 7% risk of failure)
Press: ? - help, Shift-Dir - straight line, f/p - orc warrior
Aim: an orc warrior, wielding a +0 scimitar and wearing a +0 plate armour (moderately wounded, very poisoned)
The stone arrow hits the orc warrior!
The orc warrior is severely wounded.
The orc warrior hits you with a +0 scimitar!!
* * * LOW HITPOINT WARNING * * *
Casting: Stone Arrow (safe; 7% risk of failure)
Confirm with . or Enter, or press ? or * to list all spells.
Aiming: Stone Arrow (safe; 7% risk of failure)
Press: ? - help, Shift-Dir - straight line, f/p - orc warrior
Aim: an orc warrior, wielding a +0 scimitar and wearing a +0 plate armour (severely wounded, very poisoned)
The stone arrow hits the orc warrior but does no damage.
The orc warrior is severely wounded.
You are feeling hungry.
The orc warrior hits you with a +0 scimitar!
You die...

...###.##. ..........
#.......# #.......#.#
#.......#.#
#.......#.##
#....o).#..#
#.....@..#.##
######...#..#
#...##.## #....#..##
#######........#
#.....#..8)8.8.# #
#.....#...⌠.⌠..#.#
#.....#..8.>.8...#
####.....##..⌠.⌠....#


You could see an orc warrior.

Vanquished Creatures
  Prince Ribbit (D:5)
  An ice beast (D:6)
  An ogre (D:5)
  A centaur (D:6)
  3 crimson imps
  A bullfrog zombie (D:4)
  An orc priest (D:5)
  Crazy Yiuf (D:4)
  4 worker ants
  An iguana (D:4)
  6 orc wizards
  Robin (D:4)
  A howler monkey skeleton (D:4)
  6 adders
  A shadow imp (D:6)
  An adder skeleton (D:4)
  4 worms
  A dart slug (D:2)
  2 leopard geckos
  18 orcs
  4 giant cockroaches
  22 goblins
  4 hobgoblins
  10 jackals
  3 quokkas
  6 bats
  2 frilled lizards
  A jackal zombie (D:6)
  5 kobolds
  5 rats
118 creatures vanquished.

Vanquished Creatures (others)
  A human (D:4)
1 creature vanquished.

Grand Total: 119 creatures vanquished

Notes
Turn   | Place    | Note
-------+----------+-------------------------------------------
     0 | D:1      | Kohma the Gargoyle Earth Elementalist began the quest for
                  | the Orb.
     0 | D:1      | Reached XP level 1. HP: 10/10 MP: 3/3
   287 | D:1      | Reached skill level 4 in Earth Magic
   287 | D:1      | Reached XP level 2. HP: 15/15 MP: 3/5
   734 | D:2      | Reached XP level 3. HP: 11/19 MP: 0/7
   876 | D:2      | Learned a level 2 spell: Blink
   879 | D:2      | Learned a level 2 spell: Passwall
   893 | D:2      | Found a radiant altar of Vehumet.
  1090 | D:2      | Reached skill level 1 in Transmutations
  1090 | D:2      | Reached XP level 4. HP: 20/24 MP: 1/8
  1158 | D:2      | Learned a level 3 spell: Stone Arrow
  1606 | D:3      | Reached skill level 5 in Earth Magic
  1630 | D:3      | Reached skill level 1 in Translocations
  1729 | D:3      | Reached XP level 5. HP: 28/28 MP: 6/9
  1773 | D:3      | Found a snail-covered altar of Cheibriados.
  1809 | D:3      | Reached skill level 1 in Conjurations
  2711 | D:4      | Found Edas's Book Emporium.
  2739 | D:4      | Reached XP level 6. HP: 25/32 MP: 3/10
  2744 | D:4      | Reached skill level 6 in Earth Magic
  2926 | D:4      | Found an ancient bone altar of Kikubaaqudgha.
  2932 | D:4      | Noticed a human
  2933 | D:4      | Killed a human
  3377 | D:4      | Noticed Robin
  3396 | D:4      | Killed Robin
  3606 | D:4      | Found a runed translucent door.
  3607 | D:4      | Noticed Crazy Yiuf
  3613 | D:4      | Killed Crazy Yiuf
  3728 | D:4      | Reached skill level 7 in Earth Magic
  3852 | D:5      | Entered Level 5 of the Dungeon
  3872 | D:5      | Reached XP level 7. HP: 36/36 MP: 1/11
  4025 | D:5      | Found an opulent altar of Gozag.
  4096 | D:5      | Learned a level 4 spell: Petrify
  4164 | D:5      | Reached skill level 8 in Earth Magic
  4346 | D:5      | Reached skill level 1 in Fighting
  4565 | D:5      | Found Zin's Purification Station.
  4567 | D:5      | Found a glowing silver altar of Zin.
  4636 | D:5      | Noticed Prince Ribbit
  4640 | D:5      | Killed Prince Ribbit
  5368 | D:6      | Reached XP level 8. HP: 45/45 MP: 7/13
  5484 | D:6      | Found a one-way gate to the infinite horrors of the Abyss.
  5484 | D:6      | Noticed a0bad's ghost (novice GrFi)
  5488 | D:6      | Found a transporter.
  5490 | D:6      | Found a transporter.
  5528 | D:6      | Found a bloodstained altar of Trog.
  6228 | D:7      | Found a staircase to the Ecumenical Temple.
  6247 | Temple   | Entered the Ecumenical Temple
  6452 | D:7      | Mangled by an orc warrior

Levels and vault maps discovered:
D:1:      eino_arrival_druids_welcome, layout_loops_cross, minivault_23
D:2:      layout_rooms, lemuel_doored_altar, glass_columns_b
D:3:      layout_rooms, lemuel_round_altar, first_ration
D:4:      layout_loops_cross, serial_shops, nicolae_shop_stone,
          tgw_kikubaaqudgha, uniq_robin, uniq_crazy_yiuf_cottage
D:5:      layout_gridville, nicolae_overflow_crystal_walls, zin_purify,
          uniq_prince_ribbit1
D:6:      layout_loops_corners, gammafunk_ghost_abyssal_escape,
          lemuel_statue_altar
D:7:      layout_basic, ashenzari_conservatory_becter,
          minmay_temple_entry_statues_fountains
Temple:   eino_temple_scatter_basement

Skill      XL: |  1  2  3  4  5  6  7  8 |
---------------+-------------------------+-----
Earth Magic    | 4 5 7 8 |  8.0
Spellcasting   | 3 4 |  4.6
Transmutations | 1 |  1.1
Translocations | 1 2 3 |  3.0
Conjurations   | 1 2 |  2.0
Fighting       | 2 4 |  4.0
Dodging        | |  1.5
Stealth        | |  2.1

Action                   |  1- 3 |  4- 6 |  7- 9 || total
-------------------------+-------+-------+-------++-------
Melee: Dagger            |    32 |    42 |    95 ||   169
       Short sword       |       |    65 |       ||    65
 Cast: Sandblast         |    36 |    38 |     6 ||    80
       Stone Arrow       |       |    24 |    31 ||    55
 Stab: Distracted        |       |     1 |       ||     1
       Sleeping          |       |       |     1 ||     1
  Eat: Chunk             |     1 |    10 |     5 ||    16
       Ration            |       |       |     2 ||     2
Armor: Robe              |    10 |    39 |       ||    49
       Leather armour    |       |     7 |    49 ||    56
Dodge: Dodged            |    30 |    80 |    58 ||   168

Table legend:
 A = Non-vault XP
 B = Vault XP
 C = Vault XP percentage of total XP
 D = Non-vault monster count
 E = Vault monster count
 F = Vault count percentage of total count
                 A         B        C        D         E       F
            +---------+---------+-------+---------+---------+-------
      Total |    1265 |     335 |  20.9 |     103 |      15 |  12.7
            +---------+---------+-------+---------+---------+-------
        D:1 |      15 |       0 |   0.0 |       9 |       0 |   0.0
        D:2 |     113 |       0 |   0.0 |      27 |       0 |   0.0
        D:3 |      76 |       0 |   0.0 |      19 |       0 |   0.0
        D:4 |     325 |      76 |  19.0 |      15 |      14 |  48.3
        D:5 |     316 |     259 |  45.0 |      13 |       1 |   7.1
        D:6 |     380 |       0 |   0.0 |      17 |       0 |   0.0
        D:7 |      40 |       0 |   0.0 |       3 |       0 |   0.0
            +---------+---------+-------+---------+---------+-------
